 Dungeon Crawl Stone Soup version 0.27.1-33-g824d729ab1 (webtiles) character file.

Game seed: 10212045259234014258

108173 McKennaii the Eclecticist (level 15, -8/99 HPs)
             Began as a Demigod Conjurer on Dec 9, 2021.
             Shot with a bolt by a naga sharpshooter (10 damage)
             ... on level 2 of the Snake Pit.
             The game lasted 01:19:52 (39183 turns).

McKennaii the Eclecticist (Demigod Conjurer)       Turns: 39183, Time: 01:19:53

Health: -8/99      AC: 20    Str: 16    XL:     15   Next: 53%
Magic:  6/51       EV: 10    Int: 43    God:
Gold:   216        SH:  5    Dex: 12    Spells: 28/48 levels left

rFire    . . .     SeeInvis .   F - +9 dagger "Dimur" {venom, rPois Will- Str+4 Int+7}
rCold    . . .     Faith    .   (no shield)
rNeg     + . .     Spirit   .   I - +2 pearl dragon scales
rPois    +         Reflect  +   z - +1 helmet
rElec    .         Harm     .   G - +1 cloak {Stlth+}
rCorr    .         Rampage  +   (no gloves)
Will     +....                  W - +0 pair of boots {rampage}
Stlth    ++........             l - amulet of reflection
HPRegen  0.26/turn              b - ring of magical power
MPRegen  0.32/turn              H - ring of willpower

@: about to teleport, very slightly contaminated, studying Dodging
A: high mp 1, forlorn
a: no special abilities


You were on level 2 of the Snake Pit.
You visited 4 branches of the dungeon, and saw 24 of its levels.
You also visited: Bailey, Gauntlet and Ice Cave.

You collected 4081 gold pieces.
You spent 3865 gold pieces at shops.

Inventory:

Hand Weapons
 F - the +9 dagger "Dimur" (weapon) {venom, rPois Will- Str+4 Int+7}
   (You found it in a bailey)

   It poisons the flesh of those it strikes.
   Str:       It affects your strength (+4).
   Int:       It affects your intelligence (+7).
   rPois:     It protects you from poison.
   Will:      It decreases your willpower.
 Z - the +7 long sword of Warunif {flame, rF+ rC++ Int+3 Dex+4}
   (You found it in an ice cave)

   It burns those it strikes, dealing additional fire damage.
   Big, fiery blades are also staple armaments of hydra-hunters.
   Int:       It affects your intelligence (+3).
   Dex:       It affects your dexterity (+4).
   rF:        It protects you from fire.
   rC:        It greatly protects you from cold.
Armour
 z - a +1 helmet (worn)
 G - a +1 cloak of stealth (worn)
 I - +2 pearl dragon scales (worn)
 W - a +0 pair of boots of rampaging (worn)
Magical Staves
 p - a staff of conjuration
Jewellery
 b - a ring of magical power (left hand)
 l - an amulet of reflection (around neck)
 x - the ring of Lykkuhi {Ice Dex+5}
   (You found it in a Gauntlet)

   [ring of ice]

   It enhances your ice magic.
   Dex:       It affects your dexterity (+5).
   rF:        It makes you vulnerable to fire.
   rC:        It protects you from cold.
 D - a ring of flight
 H - a ring of willpower (right hand)
 K - a ring of willpower
 O - a ring of protection from fire
 R - a ring of resist corrosion
 T - a ring of positive energy
 Y - a ring of see invisible
Wands
 a - a wand of acid (6)
 r - a wand of iceblast (40)
 t - a wand of polymorph (50)
 v - a wand of paralysis (11)
 C - a wand of charming (25)
 M - a wand of flame (10)
 U - a wand of digging (10)
Scrolls
 c - 5 scrolls of fog
 d - 3 scrolls of blinking
 g - 3 scrolls of silence
 i - 2 scrolls of immolation
 j - 4 scrolls of enchant armour
 k - 6 scrolls of fear
 m - 9 scrolls of teleportation
 s - 2 scrolls of holy word
 y - 3 scrolls of brand weapon
 J - 3 scrolls of magic mapping
 N - 2 scrolls of identify
 Q - 3 scrolls of vulnerability
 S - a scroll of amnesia
Potions
 e - 5 potions of lignification
 f - 17 potions of curing
 h - 3 potions of berserk rage
 n - a potion of ambrosia
 o - 4 potions of flight
 q - 4 potions of magic
 u - a potion of haste
 w - 4 potions of mutation
 B - 2 potions of invisibility
 E - 4 potions of brilliance
 L - a potion of attraction
 P - 2 potions of might
 V - 2 potions of cancellation


   Skills:
 + Level 6.3 Armour
 + Level 4.9 Dodging
 - Level 3.0 Stealth
 + Level 17.4 Spellcasting
 + Level 15.0 Conjurations
 - Level 2.0 Translocations
 - Level 5.0 Earth Magic


You had 28 spell levels left.
You knew the following spells:

 Your Spells              Type           Power      Damage    Failure   Level
a - Magic Dart            Conj           100%       1d8       0%          1
b - Searing Ray           Conj           100%       3d7       0%          2
c - Iskenderun's Mystic   Conj/Tloc      84%        2d17      1%          4
d - Iron Shot             Conj/Erth      44%        9d9       7%          6
e - Orb of Destruction    Conj           52%        9d16      4%          7

Your spell library contained the following spells:

 Spells                   Type           Power      Damage    Failure   Level
 Foxfire                  Conj/Fire      100%       2x1d9     1%          1
 Sandblast                Erth           100%       2d20      1%          1
 Static Discharge         Conj/Air       80%        N/A       1%          2
 Conjure Flame            Conj/Fire      80%        6-21      1%          3
 Dazzling Flash           Conj/Hex       100%       N/A       1%          3
 Mephitic Cloud           Conj/Pois/Air  69%        N/A       1%          3
 Stone Arrow              Conj/Erth      100%       3d13      1%          3
 Fulminant Prism          Conj/Hex       40%        3d20      1%          4
 Iskenderun's Battlesphe  Conj           100%       2d15      1%          5
 Beastly Appendage        Tmut           74%        N/A       2%          1
 Irradiate                Conj/Tmut      40%        3d27      3%          5
 Call Imp                 Summ           37%        N/A       4%          2
 Corpse Rot               Necr/Air       N/A        N/A       4%          2
 Ensorcelled Hibernation  Hex/Ice        74%        N/A       4%          2
 Poisonous Vapours        Pois/Air       74%        N/A       4%          2
 Slow                     Hex            37%        N/A       4%          2
 Wereblood                Tmut           37%        N/A       4%          2
 Confusing Touch          Hex            37%        N/A       9%          3
 Ignite Poison            Fire/Tmut/Pois 37%        N/A       9%          3
 Inner Flame              Hex/Fire       37%        N/A       9%          3
 Spider Form              Tmut/Pois      18%        N/A       9%          3
 Summon Guardian Golem    Hex/Summ       37%        N/A       9%          3
 Animate Armour           Summ/Erth      100%       N/A       10%         4
 Petrify                  Tmut/Erth      56%        N/A       10%         4
 Freezing Cloud           Conj/Ice/Air   34%        6-21      10%         5
 Conjure Ball Lightning   Conj/Air       40%        3x3d13    19%         6
 Starburst                Conj/Fire      40%        6d11      19%         6
 Animate Dead             Necr           18%        N/A       26%         4
 Blade Hands              Tmut           18%        N/A       58%         5
 Yara's Violent Unravell  Hex/Tmut       18%        3d9       58%         5
 Spellforged Servitor     Conj/Summ      40%        N/A       71%         7
 Dispersal                Tloc           26%        N/A       88%         6
 Shadow Creatures         Summ           N/A        N/A       99%         6
 Dragon Form              Tmut           18%        N/A       100%        7
 Haunt                    Necr/Summ      18%        N/A       100%        7
 Disjunction              Tloc           26%        N/A       100%        8
 Infestation              Necr           18%        N/A       100%        8
 Chain Lightning          Conj/Air       40%        3d53      100%        9
 Fire Storm               Conj/Fire      40%        8d10      100%        9


Dungeon Overview and Level Annotations

Branches:
Dungeon (14/15)            Temple (0/1) D:5            Lair (6/6) D:10
  Swamp (0/4) Lair:2        Snake (2/4) Lair:3        Slime (0/5) Lair:5
    Orc (2/2) D:10            Elf (0/3) Orc:2        Bailey (visited)
  IceCv (visited)         Gauntlet (visited)
 Vaults: D:13-14

Shops:
D:8 [   Orc:2 =:[(


Innate Abilities, Weirdness & Mutations

Your attributes grow dramatically as you level up.
You have an increased reservoir of magic. (+10% MP)
You shall have no god before yourself.


Message History

The naga warrior is severely wounded.
The bolt of acid hits the naga sharpshooter.
The naga sharpshooter is splashed with acid.
The acid corrodes the naga sharpshooter!
The naga sharpshooter is moderately wounded.
The naga warrior hits you from afar with a +0 glaive!!
* * * LOW HITPOINT WARNING * * *
Unknown command.
Unknown command.
Casting: Magic Dart (safe; 0% risk of failure)
Confirm with . or Enter, or press ? or * to list all spells.
You don't have enough magic to cast this spell.
Okay, then.
Okay, then.
You feel much better. The naga warrior spits poison at you.
The splash of poison hits you but does no damage.
You resist.
A naga mage comes into view. It is wielding a +0 flail.
Unknown command.
As you read the scroll of teleportation, it crumbles to dust.
You feel strangely unstable.
The naga warrior hits you from afar with a +0 glaive!
* * * LOW HITPOINT WARNING * * *
The naga mage casts a spell at you.
The bolt of poison hits the naga warrior.
The bolt of poison hits you.
You are poisoned.
You resist.
* * * LOW HITPOINT WARNING * * *
You feel better.
The naga warrior hits you from afar with a +0 glaive!!
* * * LOW HITPOINT WARNING * * *
The naga sharpshooter unwields a +2 mace of protection.
The naga sharpshooter wields a +1 arbalest of flaming.
It bursts into flame!
The naga sharpshooter gestures wildly while chanting.
The naga sharpshooter magically shoots a bolt.
The bolt hits you!
You die...

##....N . ##..N..
.#$.....
.........
...#S...#
........#
.........# .
#N#### #. #.N.@#
#.# #.N### .
#.####..### ..
#..#..#...# ..#
###....####.#
..###...#.#####.#
#....###....##.#
##.............#
#..........####.


You could see a naga warrior, a naga sharpshooter (corroded) and a naga mage.

Vanquished Creatures
  Rupert (Lair:3)
  An orc warlord (Orc:2)
  A minotaur (Gauntlet)
  An ettin (Orc:2)
  A naga warrior (Snake:1)
  An ice dragon (D:12)
  A boulder beetle (D:9)
  6 hydras
  A centaur warrior (D:8)
  5 two-headed ogres
  A catoblepas (D:9)
  10 death yaks
  A tengu warrior (D:14)
  4 naga sharpshooters (Snake:2)
  3 shock serpents
  3 orc high priests (Orc:2)
  Urug (Orc:2)
  Sonja (Lair:1)
  4 skeletal warriors (D:12)
  A naga ritualist (Snake:1)
  2 bog bodies (Lair:2)
  A phantasmal warrior (D:14)
  10 orc knights
  A deep elf pyromancer (D:12)
  2 wolf spiders
  6 cyclopes
  4 oklob plants
  A mana viper (Snake:1)
  5 orc sorcerers (Orc:2)
  An ugly thing (D:9)
  A salamander (Snake:1)
  A manticore (D:8)
  22 elephants
  A moth of wrath (Gauntlet)
  2 ice statues (IceCv)
  14 black mambas
  19 cane toads
  3 guardian serpents
  6 naga magi
  2 gargoyles
  An efreet (D:13)
  13 komodo dragons
  An unseen horror (D:13)
  A kobold demonologist (D:8)
  A tengu conjurer (D:14)
  4 rime drakes
  2 freezing wraiths
  8 trolls
  A queen bee (shapeshifter) (D:8)
  4 hornets
  2 polar bears
  Grinder (D:3)
  17 blink frogs
  7 slime creatures
  3 redbacks (Lair:6)
  2 centaur simulacra (Gauntlet)
  A shadow (D:11)
  A water elemental (D:12)
  15 wyverns
  Eustachio (D:4)
  4 wraiths
  A vampire (D:13)
  29 yaks
  8 basilisks
  7 vampire mosquitoes
  2 death yak simulacra (IceCv)
  6 nagas
  4 wargs
  A harpy simulacrum (Gauntlet)
  2 acid dragons
  22 water moccasins
  Duvessa (D:5)
  A sky beast (D:8)
  5 black bears
  36 orc warriors
  An ice beast (D:7)
  An ice dragon simulacrum (Gauntlet)
  9 ogres
  A necrophage (D:8)
  17 wolves
  6 centaurs
  3 kobold brigands
  16 bullfrogs
  A wyvern zombie (D:8)
  Blork the orc (D:6)
  3 scorpions (D:5)
  3 water moccasin zombies (D:5)
  Dowan (D:5)
  11 killer bees
  4 howler monkeys
  An electric eel (D:12)
  5 centaur zombies
  A bullfrog skeleton (D:5)
  5 hounds
  A jelly (Gauntlet)
  14 orc priests
  5 iguanas
  22 orc wizards
  A hell rat (D:7)
  Natasha (thrice) (D:4)
  A polar bear simulacrum (IceCv)
  A wolf simulacrum (IceCv)
  A hound skeleton (D:3)
  5 gnolls
  2 howler monkey skeletons
  4 adders
  7 river rats (D:7)
  A white imp (D:8)
  An ufetubus (D:5)
  A worm (D:3)
  5 dart slugs
  59 orcs
  5 bats
  7 endoplasms
  A giant cockroach (D:4)
  10 goblins
  9 hobgoblins
  7 jackals
  17 kobolds
  10 quokkas
  4 ball pythons
  6 frilled lizards
  16 rats
  A butterfly (Lair:4)
684 creatures vanquished.

Vanquished Creatures (others)
  An ugly thing (IceCv)
  A naga mage (Snake:1)
  3 bushes (Lair:6)
  51 fungi
  94 plants
150 creatures vanquished.

Grand Total: 834 creatures vanquished

Notes
Turn   | Place    | Note
-------+----------+-------------------------------------------
     0 | D:1      | McKennaii the Demigod Conjurer began the quest for the Orb.
     0 | D:1      | Reached XP level 1. HP: 14/14 MP: 5/5
    71 | D:1      | Reached skill level 2 in Spellcasting
   691 | D:1      | Reached XP level 2. HP: 20/20 MP: 4/8
   959 | D:1      | Reached skill level 3 in Spellcasting
  1154 | D:1      | Reached XP level 3. HP: 26/26 MP: 2/10
  1157 | D:1      | Learned a level 2 spell: Searing Ray
  2972 | D:3      | Noticed Grinder
  2979 | D:3      | Paralysed by Grinder for 4 turns
  3062 | D:3      | Killed Grinder
  3063 | D:3      | Reached skill level 5 in Spellcasting
  3063 | D:3      | Reached XP level 4. HP: 22/33 MP: 0/14
  3063 | D:3      | Reached XP level 5. HP: 25/38 MP: 0/16
  3357 | D:3      | Noticed an ogre
  3368 | D:3      | Killed an ogre
  3369 | D:3      | Reached XP level 6. HP: 45/45 MP: 2/18
  3374 | D:3      | Learned a level 4 spell: Iskenderun's Mystic Blast
  3525 | D:3      | Reached skill level 6 in Spellcasting
  4454 | D:4      | Noticed Eustachio
  4464 | D:4      | Killed Eustachio
  4465 | D:4      | Reached skill level 5 in Conjurations
  4465 | D:4      | Reached XP level 7. HP: 50/50 MP: 7/19
  4709 | D:4      | Noticed Natasha
  4718 | D:4      | Killed Natasha
  5138 | D:4      | Noticed Natasha
  5141 | D:4      | Killed Natasha
  5612 | D:4      | Noticed Natasha
  5615 | D:4      | Killed Natasha
  5706 | D:5      | Entered Level 5 of the Dungeon
  5863 | D:5      | Reached XP level 8. HP: 57/57 MP: 13/20
  6054 | D:5      | Noticed Dowan
  6057 | D:5      | Noticed Duvessa
  6059 | D:5      | Killed Dowan
  6066 | D:5      | Killed Duvessa
  6712 | D:5      | Found a staircase to the Ecumenical Temple.
  7133 | D:6      | Noticed Blork the orc
  7180 | D:6      | Killed Blork the orc
  8099 | D:7      | Reached skill level 1 in Translocations
  8160 | D:7      | Reached skill level 10 in Conjurations
  8163 | D:7      | Reached XP level 9. HP: 62/62 MP: 7/21
  8167 | D:7      | Reached skill level 1 in Armour
  8429 | D:7      | Found a flagged portal.
  8489 | Bailey   | Entered a bailey
  8489 | Bailey   | Noticed an orc knight
  8489 | Bailey   | Noticed an orc knight
  8708 | Bailey   | Noticed an orc knight
  8708 | Bailey   | Noticed an orc knight
  8715 | Bailey   | Noticed an orc knight
  8757 | Bailey   | Killed an orc knight
  8758 | Bailey   | Reached skill level 7 in Spellcasting
  8838 | Bailey   | HP: 2/62 [orc warrior/bolt (21)]
  9154 | Bailey   | Killed an orc knight
  9298 | Bailey   | Killed an orc knight
  9299 | Bailey   | Reached skill level 8 in Spellcasting
  9307 | Bailey   | Killed an orc knight
  9308 | Bailey   | Reached XP level 10. HP: 69/69 MP: 3/27
  9446 | Bailey   | Killed an orc knight
  9447 | Bailey   | Reached skill level 9 in Spellcasting
  9587 | Bailey   | Identified the +9 dagger "Dimur" {venom, rPois Will- Str+4
                  | Int+7}
 10299 | D:8      | Found Vipladgh's Armour Shoppe.
 10306 | D:8      | Bought a +0 cloak of stealth for 138 gold pieces
 10757 | D:8      | Reached skill level 10 in Spellcasting
 10791 | D:8      | Identified the +0 leather armour of the Farrier {+Blink
                  | Regen+ Dex-2}
 10983 | D:8      | Identified the +10 glaive "Urumovoy" {spect, *Rage rC+
                  | Dex+3}
 11173 | D:8      | Noticed a centaur warrior
 11173 | D:8      | Noticed a two-headed ogre
 11175 | D:8      | Noticed a manticore
 11177 | D:8      | Killed a centaur warrior
 11178 | D:8      | Reached skill level 5 in Armour
 11178 | D:8      | Noticed a rust devil
 11182 | D:8      | Killed a manticore
 11185 | D:8      | Killed a two-headed ogre
 11187 | D:8      | Reached XP level 11. HP: 55/74 MP: 12/29
 11331 | D:8      | Identified the +2 robe of Terror {Str+4}
 11341 | D:8      | Learned a level 6 spell: Iron Shot
 12131 | D:9      | Noticed a two-headed ogre
 12146 | D:9      | Killed a two-headed ogre
 13171 | D:10     | Entered Level 10 of the Dungeon
 13171 | D:10     | Noticed a two-headed ogre
 13177 | D:10     | Killed a two-headed ogre
 13470 | D:10     | Found a staircase to the Orcish Mines.
 13487 | D:10     | Found a staircase to the Lair.
 14017 | D:9      | Noticed a catoblepas
 14017 | D:9      | Noticed a boulder beetle
 14044 | D:9      | Killed a catoblepas
 14065 | D:9      | Killed a boulder beetle
 14066 | D:9      | Reached skill level 11 in Spellcasting
 15084 | D:11     | Noticed a two-headed ogre
 15093 | D:11     | Killed a two-headed ogre
 15094 | D:11     | Reached XP level 12. HP: 81/81 MP: 12/32
 15292 | D:11     | Reached skill level 1 in Earth Magic
 16218 | D:12     | Reached skill level 12 in Spellcasting
 16936 | D:12     | Reached skill level 5 in Earth Magic
 16947 | D:12     | Noticed an ice dragon
 17671 | D:12     | Killed an ice dragon
 19154 | D:14     | Noticed a centaur warrior
 19344 | D:14     | Noticed a seven-headed hydra
 19352 | D:14     | Killed a seven-headed hydra
 20100 | D:14     | Noticed a death knight
 20228 | Lair:1   | Entered Level 1 of the Lair of Beasts
 21200 | Lair:1   | Noticed a five-headed hydra
 21210 | Lair:1   | Killed a five-headed hydra
 21211 | Lair:1   | Reached XP level 13. HP: 86/86 MP: 25/33
 21296 | Lair:1   | Noticed Sonja
 21318 | Lair:1   | Killed Sonja
 22491 | Lair:2   | Found a staircase to the Swamp.
 23089 | Lair:3   | Identified the +4 chain mail "Quetuesa" {+Blink rF+ Str+2
                  | Slay-2}
 23096 | Lair:3   | Noticed Rupert
 23137 | Lair:3   | Killed Rupert
 23237 | Lair:3   | Reached skill level 15 in Conjurations
 23365 | Lair:3   | Found a gate leading to a gauntlet.
 23386 | Gauntlet | Entered a Gauntlet
 23386 | Gauntlet | Found a transporter.
 23396 | Gauntlet | Found a transporter.
 23398 | Gauntlet | Found a transporter.
 23400 | Gauntlet | Found a transporter.
 23432 | Gauntlet | Found a transporter.
 23434 | Gauntlet | Found a transporter.
 23456 | Gauntlet | Found a transporter.
 23468 | Gauntlet | Found a transporter.
 23476 | Gauntlet | Found a transporter.
 23498 | Gauntlet | Found a transporter.
 23514 | Gauntlet | Found a transporter.
 23526 | Gauntlet | Found a transporter.
 23562 | Gauntlet | Found a transporter.
 23574 | Gauntlet | Found a transporter.
 23580 | Gauntlet | Found a transporter.
 23655 | Gauntlet | Found a transporter.
 23664 | Gauntlet | Found a transporter.
 23668 | Gauntlet | Noticed a reaper
 23722 | Gauntlet | Found a transporter.
 23840 | Gauntlet | Identified a scroll of acquirement
 24256 | Gauntlet | Identified the ring of Lykkuhi {Ice Dex+5}
 24328 | Gauntlet | Noticed a minotaur
 24334 | Gauntlet | Killed a minotaur
 25037 | Lair:3   | Reached skill level 13 in Spellcasting
 25188 | Lair:3   | Found a staircase to the Snake Pit.
 26548 | Lair:4   | Reached XP level 14. HP: 88/93 MP: 22/36
 27374 | Lair:4   | Reached skill level 14 in Spellcasting
 28335 | Lair:5   | Found a staircase to the Slime Pits.
 29395 | Lair:6   | Entered Level 6 of the Lair of Beasts
 29970 | Lair:6   | Reached skill level 15 in Spellcasting
 32611 | Lair:6   | Reached skill level 16 in Spellcasting
 33371 | Orc:1    | Entered Level 1 of the Orcish Mines
 34130 | Orc:2    | Entered Level 2 of the Orcish Mines
 34134 | Orc:2    | Noticed Urug
 34330 | Orc:2    | Found a frozen archway.
 34609 | Orc:2    | Reached XP level 15. HP: 75/99 MP: 37/40
 34664 | IceCv    | Entered an ice cave
 34856 | IceCv    | Found a transporter.
 34865 | IceCv    | Found a transporter.
 34866 | IceCv    | Identified the +7 long sword of Warunif {flame, rF+ rC++
                  | Int+3 Dex+4}
 35271 | Orc:2    | Killed Urug
 36549 | Orc:2    | Reached skill level 17 in Spellcasting
 36611 | Orc:2    | Found Jechex's Jewellery Shop.
 36611 | Orc:2    | Found Perosamn's Antique Weapon Shoppe.
 36632 | Orc:2    | Found Eruicke's Book Shop.
 36632 | Orc:2    | Found Echuh's Armour Shoppe.
 36651 | Orc:2    | Bought the Collected Works on the Ashen Volcanoes for 650
                  | gold pieces
 36651 | Orc:2    | Bought a book of Dangerous Friends for 520 gold pieces
 36651 | Orc:2    | Bought a manual of Dodging for 1040 gold pieces
 36828 | Orc:2    | Found a staircase to the Elven Halls.
 37028 | Snake:1  | Entered Level 1 of the Snake Pit
 38096 | Snake:1  | Acquired Iskenderun's Compendium of Attacks
 38098 | Snake:1  | Acquired 982 gold pieces
 38108 | Snake:1  | Learned a level 7 spell: Orb of Destruction
 38293 | Orc:2    | Bought +2 pearl dragon scales for 1517 gold pieces
 39183 | Snake:2  | HP: 2/99 [naga warrior (21)]
 39183 | Snake:2  | Shot with a bolt by a naga sharpshooter

Illustrated notes

Levels and vault maps discovered:
D:1:      ncdulo_lavacross, layout_basic, minivault_27
D:2:      layout_basic, serial_rivers, chequers_serial_rivers_large_a,
          chequers_serial_rivers_large_b, chequers_serial_rivers_room_b,
          chequers_serial_rivers_marsh, chequers_serial_rivers_small_a
D:3:      minmay_recursive_quarters, layout_basic, uniq_grinder
D:4:      layout_basic, minmay_misc_feat_diagonals, kennysheep_generic_room_2,
          uniq_eustachio, uniq_natasha
D:5:      layout_cave_pods, gammafunk_temple_overflow_statue,
          nicolae_qazlal_scattered_showers, minmay_temple_entry_glassed_door,
          amcnicky_mini_rare_corridor_liquid, chequers_serial_rivers_small_a,
          eino_small_chamber_without_monster, uniq_duvessa
D:6:      layout_rooms, grunt_ministairs_13, chequers_decorated_corner,
          hangedman_decor_riveting, uniq_blork_the_orc
D:7:      lemuel_ratsnest, layout_basic, enter_bailey_8
D:8:      minmay_the_grid_octo_2x2 [minmay_the_grid_octo_tetromino_candy,
          minmay_the_grid_octo_fat_diamond, minmay_the_grid_octo_focus,
          minmay_the_grid_octo_prize_big_c], layout_loops_corners,
          nicolae_dithmenos_shadow_blocks, serial_shops, shop_fountains,
          nrook_loot_triangle, grunt_ministairs_8
D:9:      minmay_diamond_stairs, layout_loops_ring, tgw_xom
D:10:     layout_long_grid, lemuel_round_altar, vehumet_crystals,
          old_standard_altar, david_lair_generic
D:11:     layout_rooms
D:12:     dragon1_lemuel, layout_long_grid
D:13:     layout_gridville, kennysheep_big_empty_room
D:14:     layout_irregular_city, hangedman_vaults_entry_quadrant_bands,
          chequers_jeans, hex_medium
Lair:1:   layout_hall_layers, grunt_megastairs_4, minmay_lair_oklob_chamber,
          infiniplex_staircase_pool, uniq_sonja
Lair:2:   layout_loops_ring, skrybe_swamp_entry_bodies
Lair:3:   layout_roguey, minmay_snake_entry_spellcaster, gauntlet_entry_generic,
          uniq_rupert
Lair:4:   layout_layer_cave, lemuel_fruit_fields, serial_bayou_shore_b,
          lemuel_fruit_fields
Lair:5:   layout_cave_pods, minmay_slime_entry_oklob_open, grunt_megastairs_1
Lair:6:   hangedman_lair_tendril_chambers, layout_long_grid
Snake:1:  layout_misc_corridors, grunt_ministairs_1
Snake:2:  layout_layer_cave, minmay_shop_grid_forest, grunt_megastairs_5
Orc:1:    layout_diamond_mine
Orc:2:    grunt_orc_tribal_feast, layout_caves, portal_ice_cave_rime, uniq_urug

Skill      XL: |  1  2  3  4  5  6  7  8  9 10 11 12 13 14 15 |
---------------+----------------------------------------------+-----
Spellcasting   | 2 3 5 6 8 10 11 12 13 16 17 | 17.4
Conjurations   | 5 7 10 12 13 15 | 15.0
Translocations | 2 |  2.0
Armour         | 4 6 |  6.3
Stealth        | 3 |  3.0
Dodging        | 4 |  4.9
Earth Magic    | 5 |  5.0

Action                   |  1- 3 |  4- 6 |  7- 9 | 10-12 | 13-15 || total
-------------------------+-------+-------+-------+-------+-------++-------
Melee: Unarmed           |    13 |       |       |       |       ||    13
       Halberd           |       |       |    43 |     1 |       ||    44
       Dagger            |       |       |       |    68 |   204 ||   272
 Cast: Magic Dart        |    93 |    47 |   121 |   189 |   373 ||   823
       Searing Ray       |     4 |     7 |    60 |   139 |    58 ||   268
       Iskenderun's Myst |       |     1 |     4 |   107 |   356 ||   468
       Iron Shot         |       |       |       |       |    94 ||    94
Evoke: Wand              |       |       |     1 |     3 |     9 ||    13
  Use: Scroll            |       |       |       |    19 |    18 ||    37
       Potion            |       |       |       |       |     3 ||     3
 Stab: Sleeping          |       |       |     1 |       |       ||     1
       Distracted        |       |       |       |       |     1 ||     1
Armor: Robe              |     4 |     1 |    16 |       |       ||    21
       Scale mail        |       |       |       |   125 |   171 ||   296
       Pearl dragon scal |       |       |       |       |     7 ||     7
Dodge: Dodged            |    22 |     5 |    59 |   120 |   186 ||   392
Block: Other             |       |     3 |    23 |    50 |    96 ||   172
       Reflection        |       |       |     6 |    13 |     7 ||    26
